 Dungeon Crawl Stone Soup version 0.22.1-2-g9c5b331 (webtiles) character file.

41 nightchill the Ruffian (level 3, -3/30 HPs)
             Began as a Ghoul Warper on Nov 26, 2018.
             Killed from afar by Natasha (5 damage)
             ... with a magic dart
             ... on level 2 of the Dungeon.
             The game lasted 00:03:44 (894 turns).

nightchill the Ruffian (Ghoul Warper)                Turns: 894, Time: 00:03:45

Health: -3/30      AC:  5    Str: 13 (14) XL:     3   Next: 52%
Magic:  4/4        EV: 10    Int:  9      God:
Gold:   29         SH:  0    Dex:  7 (8)  Spells: 5/5 levels left

rFire    . . .     SeeInvis .     - Unarmed
rCold    + . .     Gourm    .   (no shield)
rNeg     + + +     Faith    .   b - +0 ring mail
rPois    ∞         Spirit   .   (no helmet)
rElec    .         Reflect  .   (no cloak)
rCorr    .         Harm     .   (no gloves)
MR       .....                  (no boots)
Stlth    ..........             (no amulet)
HPRegen  0.00/turn              (no ring)
MPRegen  0.09/turn              (no ring)

@: very slightly contaminated, rotting, slowed, very slow
A: rotting body, claws 1, carnivore, cold resistance 1, negative energy
resistance 3, inhibited regeneration, torment resistance, unbreathing
a: no special abilities


You were on level 2 of the Dungeon.
You were not hungry.

You visited 1 branch of the dungeon, and saw 2 of its levels.

You collected 29 gold pieces.

Inventory:

Missiles
 d - 2 tomahawks of dispersal (quivered)
 e - 31 stones
 o - 6 javelins
Armour
 a - a +0 leather armour
 b - a +0 ring mail (worn)
 i - a +0 scale mail
Jewellery
 h - an uncursed amulet of faith {unknown}
 p - an uncursed ring of flight {unknown}
Scrolls
 k - a scroll of fear {unknown}
 l - a scroll of teleportation {unknown}
 m - 4 scrolls of remove curse {unknown}
 n - a scroll of magic mapping {unknown}
Comestibles
 f - 2 rations


   Skills:
 + Level 2.9 Fighting
 - Level 0.8 Throwing
 - Level 0.8 Armour
 - Level 1.7 Dodging
 * Level 3.6 Unarmed Combat
 - Level 1.7 Spellcasting
   Level 2.6 Translocations


You had 5 spell levels left.
You didn't know any spells.
Your spell library contained the following spells:

 Spells                   Type           Power        Failure   Level  Hunger
 Blink                    Tloc           N/A          36%         2    ###....
 Shroud of Golubria       Chrm/Tloc      #.........   54%         2    ###....
 Gell's Gravitas          Tloc           #.........   58%         3    ####...
 Lesser Beckoning         Tloc           #.........   58%         3    ####...
 Teleport Other           Tloc           #.......     58%         3    ####...
 Passage of Golubria      Tloc           N/A          94%         4    #####..


Dungeon Overview and Level Annotations

Branches:
Dungeon (2/15)

Altars:

Annotations:
D:2 exclusion: 3 doors, Natasha


Innate Abilities, Weirdness & Mutations

Your body is rotting away.
You thrive on raw meat.
You are immune to poison.
You have sharp fingernails.
You are carnivorous and can eat meat at any time.
Your flesh is cold resistant. (rC+)
You are immune to negative energy. (rN+++)
You do not regenerate when monsters are visible.
You are immune to unholy pain and torment.
You can survive without breathing.


Message History

Throwing (i - inventory. (/) - cycle)
d - 5 tomahawks of dispersal (quivered)
Press: ? - help, Shift-Dir - straight line, f - Natasha
Aim: Natasha (almost dead)
You throw a tomahawk of dispersal.
The tomahawk of dispersal closely misses Natasha.
Natasha mumbles some strange words.
Throwing (i - inventory. (/) - cycle)
d - 4 tomahawks of dispersal (quivered)
Press: ? - help, Shift-Dir - straight line, f/p - Natasha
Aim: Natasha (almost dead)
You throw a tomahawk of dispersal.
The tomahawk of dispersal barely misses Natasha.
Throwing (i - inventory. (/) - cycle)
d - 3 tomahawks of dispersal (quivered)
Press: ? - help, Shift-Dir - straight line, f/p - Natasha
Aim: Natasha (almost dead)
You throw a tomahawk of dispersal.
The tomahawk of dispersal hits Natasha but does no damage.
Natasha is almost dead.
Natasha casts a spell at you. The magic dart hits you!
You die...

######
###....######################
#......5..h.@.............)..
#.###.###############...#####
#.#)#.# #+++# # #.###.# #
#.....# #.##### #. # # #


You could see Natasha and a crimson imp.

Vanquished Creatures
  2 dart slugs
  A leopard gecko (D:1)
  A giant cockroach (D:1)
  4 goblins (D:1)
  6 hobgoblins
  2 jackals (D:1)
  7 kobolds
  A ball python (D:2)
  2 bats (D:1)
  3 frilled lizards
  6 rats
35 creatures vanquished.

Notes
Turn   | Place    | Note
-------+----------+-------------------------------------------
     0 | D:1      | nightchill the Ghoul Warper began the quest for the Orb.
     0 | D:1      | Reached XP level 1. HP: 17/17 MP: 2/2
   140 | D:1      | Reached XP level 2. HP: 25/25 MP: 3/3
   194 | D:1      | Reached skill level 3 in Unarmed Combat
   359 | D:1      | Reached XP level 3. HP: 29/30 MP: 4/4
   864 | D:2      | Noticed Natasha
   894 | D:2      | Killed from afar by Natasha

Skill      XL: |  1  2 |
---------------+-------+-----
Unarmed Combat | 3 |  3.6
Fighting       | |  2.9
Throwing       | |  0.8
Armour         | |  0.8
Dodging        | |  1.7
Spellcasting   | |  1.7
Translocations | |  2.6

Action                   || total
-------------------------++-------
Melee: Unarmed           ||   115
       Punch             ||     1
Throw: Tomahawk          ||     3
  Use: Scroll            ||     1
       Potion            ||     1
  Eat: Chunk             ||    14
Armor: Ring mail         ||    45
Dodge: Dodged            ||    60
